 Dungeon Crawl Stone Soup version 0.30.0-19-g36f170ea60 (webtiles) character file.

Game seed: 15204916776289088347

87 PriceMaster the Insei (level 4, -3/28 HPs)
             Began as an Octopode Transmuter on May 26, 2023.
             Slain by an orc
             ... wielding a +0 hand axe
              (6 damage)
             ... on level 3 of the Dungeon.
             The game lasted 00:03:18 (2603 turns).

PriceMaster the Insei (Octopode Transmuter)         Turns: 2603, Time: 00:03:20

Health: -3/28      AC:  1    Str: 11    XL:     4   Next: 51%
Magic:  5/8        EV: 13    Int: 15    God:
Gold:   139        SH:  0    Dex: 12    Spells: 5/8 levels left

rFire   . . .        c - +0 trident
rCold   . . .        (no shield)
rNeg    + . .        (helmet currently unavailable)
rPois   .            (no amulet)
rElec   .            m - ring of positive energy
rCorr   .            (no ring)
SInv    .            (no ring)
Will    .....        (no ring)
Stlth   ++           (no ring)
HPRegen 0.24/turn    (no ring)
MPRegen 0.11/turn    (no ring)
                     (no ring)

%: no passive effects
@: appendages (expiring), wereblooded, hasted, very quick
A: tentacle spike 3, almost no armour, amphibious, 8 rings, camouflage 1,
gelatinous body 1, (nimble swimmer 1), tentacles
a: End Transformation


You were on level 3 of the Dungeon.
One of your tentacles had grown a beastly spike.
You visited 1 branch of the dungeon, and saw 3 of its levels.

You collected 139 gold pieces.

Inventory:

Hand Weapons
 c - a +0 trident (weapon)
Missiles
 s - 6 boomerangs
Armour
 p - a scarf of invisibility
Jewellery
 m - a ring of positive energy (left tentacle)
Scrolls
 b - a scroll of enchant armour {unknown}
 d - a scroll of fog {unknown}
 g - 3 scrolls of enchant weapon {unknown}
 i - a scroll of teleportation {unknown}
 j - a scroll of immolation {unknown}
 k - a scroll of acquirement {unknown}
 n - 2 scrolls of identify {unknown}
 q - a scroll of poison {unknown}
 t - a scroll of vulnerability {unknown}
Potions
 a - a potion of lignification
 f - a potion of brilliance {unknown}
 h - a potion of cancellation {unknown}
 l - a potion of curing {unknown}
 o - a potion of might {unknown}
 r - a potion of resistance {unknown}


   Skills:
 + Level 1.1 Fighting
 + Level 1.3 Polearms
 + Level 2.2 Dodging
 + Level 0.6 Stealth
 + Level 3.3 Unarmed Combat
 + Level 2.8 Spellcasting
 + Level 2.9 Transmutations


You had 5 spell levels left.
You knew the following spells:

 Your Spells              Type           Power      Damage    Failure   Level
a - Beastly Appendage     Tmut           20%        N/A       6%          1
b - Wereblood             Tmut           10%        N/A       10%         2

Your spell library contained the following spells:

 Spells                   Type           Power      Damage    Failure   Level
 Spider Form              Tmut/Pois      6%         N/A       32%         3
 Ice Form                 Ice/Tmut       6%         N/A       73%         4


Dungeon Overview and Level Annotations

Branches:
Dungeon (3/15)

Altars:
Yredelemnul


Innate Abilities, Weirdness & Mutations

One of your tentacles has grown a beastly spike.
You cannot wear most types of armour.
You are amphibious.
You can wear up to eight rings at the same time.
Your skin changes colour to match your surroundings (Stealth+).
Your rubbery body absorbs attacks. (AC +1, EV +1)
((You are camouflaged when in or above water. (Stealth+)))
You have tentacles for arms and can constrict up to eight enemies at once.


Message History

Casting: Beastly Appendage (safe; 7% risk of failure)
Confirm with . or Enter, or press ? or * to list all spells.
One of your tentacles grows a vicious spike.
Casting: Beastly Appendage (safe; 7% risk of failure)
Confirm with . or Enter, or press ? or * to list all spells.
Your blood is infused with primal strength.
An orc comes into view. It is wielding a +0 hand axe.
You barely miss Natasha.
The orc shouts!
Your grab misses Natasha.
Your tentacle spike misses Natasha.
Natasha stares at you and mumbles some strange words.
You resist with some effort.
You barely miss Natasha. You grab Natasha. You tentacle-slap Natasha.
Natasha is moderately wounded.
You constrict Natasha. Natasha claws you! x2
* * * LOW HITPOINT WARNING * * *
Okay, then.
You barely miss Natasha.
You pierce Natasha.
You squeeze Natasha!
You feel a bit better.
You kill Natasha!
Natasha screams in pain as she dies!
Your transformation is almost over.
The orc throws a boomerang.
The boomerang misses you.
Your magical contamination has completely faded away.
Okay, then.
Okay, then.
It was a potion of haste.
You feel yourself speed up.
You hit the orc. Your grab misses the orc.
You pierce the orc, but do no damage.
The orc is heavily wounded.
A frilled lizard comes into view.
The orc hits you with a +0 hand axe.
* * * LOW HITPOINT WARNING * * *
You barely miss the orc.
The frilled lizard hisses angrily.
You grab the orc.
The orc is heavily wounded.
You constrict the orc, but do no damage.
The orc hits you with a +0 hand axe.
You die...

..# #........# #....)....
#####........# #.........
#..+........# #.........
#.#.#.#.#.### ##^........
#...........###..........
####.#†#.#.#.#............
#.........................
#.##.#.#.#.#.###.#########
#.#..........# #@# #..#.#.#.#÷#.#
#.o# #.........)>.####...
#.##.#.#.#)#...###..l.
#..........#.##..###.... ##
#######.####.####..#############.
............... ###..#.......#..#
.#####.####.... ##.'..≈≈≈..'.##
.# #...##.... ###..#.......#..#


You could see an orc and a frilled lizard.

Vanquished Creatures
  Natasha (D:3)
  2 adders
  2 dart slugs (D:2)
  An endoplasm (D:3)
  2 giant cockroaches
  6 goblins
  4 hobgoblins
  3 quokkas
  7 ball pythons
  3 bats
  2 frilled lizards
  3 kobolds
  5 rats
41 creatures vanquished.

Notes
Turn   | Place    | Note
-------+----------+-------------------------------------------
     0 | D:1      | PriceMaster the Octopode Transmuter began the quest for the
                  | Orb.
     0 | D:1      | Reached XP level 1. HP: 13/13 MP: 3/3
   216 | D:1      | Reached XP level 2. HP: 14/18 MP: 3/5
   219 | D:1      | Learned a level 2 spell: Wereblood
   994 | D:2      | Reached XP level 3. HP: 21/23 MP: 4/6
  2115 | D:3      | Found a basalt altar of Yredelemnul.
  2324 | D:3      | Reached skill level 1 in Polearms
  2418 | D:3      | Reached XP level 4. HP: 17/28 MP: 3/7
  2594 | D:3      | Noticed Natasha
  2600 | D:3      | Killed Natasha
  2603 | D:3      | Slain by an orc

Illustrated notes

Levels and vault maps discovered:
D:1:      saegor_arrival_simple_c, layout_rooms, nrook_mini_vaults,
          minmay_misc_feat_five
D:2:      layout_loops_corners, minmay_fountain_box, minmay_tetromino_i2
D:3:      wander_river, layout_basic, lemuel_crystal_altar, grunt_decor_clamped,
          st_stairs_9, uniq_natasha

Skill      XL: |  1  2  3 |
---------------+----------+-----
Polearms       | 1 |  1.3
Fighting       | |  1.1
Dodging        | |  2.2
Stealth        | |  0.6
Unarmed Combat | |  3.3
Spellcasting   | |  2.8
Transmutations | |  2.9

Action                     |  1- 3 |  4- 6 || total
---------------------------+-------+-------++-------
  Melee: Unarmed           |    15 |       ||    15
         Kick              |    12 |     2 ||    14
         Constrict         |    17 |     2 ||    19
         Trident           |    74 |     6 ||    80
         Tentacles         |     6 |     1 ||     7
         Punch             |       |     1 ||     1
   Cast: Beastly Appendage |    33 |     2 ||    35
         Wereblood         |    25 |     2 ||    27
    Use: Potion            |       |     1 ||     1
   Stab: Sleeping          |     3 |       ||     3
 Armour: Skin              |    11 |       ||    11
  Dodge: Dodged            |    54 |     2 ||    56
